 Dungeon Crawl Stone Soup version 0.16-a0-3770-gc215ce9 (console) character file.

3310 mauris the Grappler (level 9, -8/84 HPs)
             Began as a Troll Monk on Jan 24, 2015.
             Was a High Priest of Cheibriados.
             Mangled by a slime creature (16 damage)
             ... on level 8 of the Dungeon on Jan 25, 2015.
             The game lasted 00:37:40 (7363 turns).

mauris the Grappler (Troll Monk)                    Turns: 7363, Time: 00:37:40

Health: -8/84      AC:  8    Str: 35    XL:     9   Next: 70%
Magic:  6/6        EV: 16    Int: 20    God:    Cheibriados [*****.]
Gold:   341        SH:  0    Dex: 29    Spells: 0 memorised, 8 levels left

rFire  + . .     SeeInvis .       - Unarmed
rCold  . . .     Clarity  .     a - +0 robe
rNeg   . . .     SustAb   +     (shield restricted)
rPois  .         Gourm    +     y - +1 hat
rElec  .         Spirit   .     f - +1 cloak
rCorr  .         Warding  .     (gloves unavailable)
rMut   .         Stasis   .     (boots unavailable)
MR     .....                    G - amulet of faith {!P}
Stlth  ++........               i - ring of sustain abilities
                                e - ring of protection from fire

@: very slow, not resistant to hostile enchantments, unstealthy
A: unfitting armour, claws 3, fast metabolism 3, gourmand, regeneration 2,
shaggy fur 1, tough skin 2
a: Bend Time, Temporal Distortion, Slouch, Step From Time, Renounce Religion


You were on level 8 of the Dungeon.
You worshipped Cheibriados.
Cheibriados was extremely pleased with you.
You were very full.

You visited 2 branches of the dungeon, and saw 9 of its levels.

You collected 341 gold pieces.

Inventory:

Hand weapons
 D - a +0 blowgun {@w1}
Missiles
 I - 50 poisoned needles
 K - 7 curare-tipped needles {!f}
Armour
 a - a +0 robe (worn)
 f - a +1 cloak (worn)
 y - a +1 hat (worn)
Jewellery
 d - an uncursed amulet of warding
 e - a ring of protection from fire (left claw)
 i - a ring of sustain abilities (right claw)
 j - a cursed ring of loudness {unknown}
 G - an amulet of faith (around neck) {!P}
Scrolls
 h - 4 scrolls of remove curse
 n - a scroll of teleportation {unknown}
 p - a scroll of recharging
 t - a scroll of amnesia
 B - a scroll of magic mapping
 E - a scroll of identify {@r1}
 H - a scroll of immolation {unknown}
 J - a scroll of acquirement {unknown}
 L - a scroll of enchant armour
 M - a scroll of enchant weapon {unknown}
Potions
 c - a potion of haste {@q3}
 l - 2 potions of brilliance
 m - a potion of degeneration {unknown}
 o - 2 potions of agility
 q - a potion of berserk rage {unknown}
 r - 2 potions of resistance
 u - a potion of cancellation {unknown}
 v - 3 potions of might
 w - 2 potions of curing {@q1}
 x - a potion of beneficial mutation {unknown}
 z - 2 potions of restore abilities {unknown}
 A - 2 potions of ambrosia {unknown}
 C - a potion of flight {unknown}
 F - 2 potions of heal wounds {unknown}
Comestibles
 b - 4 meat rations
 g - 7 bread rations
 k - 7 fruits
 s - a royal jelly


   Skills:
 - Level 4.1 Fighting
 - Level 5.6 Dodging
 - Level 1.1 Stealth
 - Level 12.0 Unarmed Combat
 + Level 1.5 Invocations


You had 8 spell levels left.
You didn't know any spells.

Dungeon Overview and Level Annotations

Branches:
Dungeon (8/15)             Temple (1/1) D:5
   Lair: D:8-11

Altars:
Ashenzari
Cheibriados
Dithmenos
Elyvilon
Fedhas
Gozag
Kikubaaqudgha
Makhleb
Nemelex Xobeh
Okawaru
Qazlal
Ru
Trog
Vehumet
Xom
Yredelemnul
Zin
The Shining One


Innate Abilities, Weirdness & Mutations

You are too large for most types of armour.
You have claws for hands.
Your metabolism is lightning-fast.
You like to eat raw meat.
You heal very quickly.
You are covered in fur (AC +1).
You have very tough skin (AC +2).


Message History

Damage: -18%(-15hp) hp: 81%(68hp)
You claw the large slime creature!
The large slime creature is moderately wounded.
The large slime creature hits you!!
A large slime creature splits.
Huge Dmg: -35%(-30hp) hp: 46%(38hp)
You claw the large slime creature!
The large slime creature is heavily wounded.
The large slime creature barely misses you.
Unknown command.
The slime creature barely misses you. The slime creature hits you!
The slime creature closely misses you.
A large slime creature splits.
Huge Dmg: -20%(-17hp) hp: 27%(22hp) Two slime creatures merge to form a large slime creature.
The slime creature completely misses you.
The slime creature hits you but does no damage.
The slime creature completely misses you.
The large slime creature hits you!
* * * LOW HITPOINT WARNING * * *
The slime creature hits you!
You die...

....... ...
........###+#....
#.........#
#.........#
#.........#
######.........#
#..............#
#.......JJJ....+
#........@.....#
#........<######
#.........#
#.........#
#.........#
#.........#
###########


You could see a large slime creature and 2 slime creatures.

Vanquished Creatures
  The ghost of Johnny the Shield-Bearer, an average FoFi (D:5)
  A water moccasin (D:7)
  A phantom (D:6)
  2 ogres (D:6)
  3 ice beasts
  A necrophage (D:7)
  5 orc warriors
  3 big kobolds (D:7)
  Duvessa (D:5)
  A giant frog (D:6)
  A gnoll sergeant (D:6)
  A scorpion (D:4)
  A wyvern skeleton (D:6)
  A water moccasin skeleton (D:7)
  Dowan (D:5)
  A hound (D:4)
  2 goliath beetles
  A crimson imp (D:5)
  15 orc wizards
  A jelly (D:6)
  Crazy Yiuf (D:2)
  2 giant frog skeletons
  A gnoll shaman (D:6)
  2 orc priests
  Natasha (D:3)
  3 iguanas
  3 worker ants
  A worker ant zombie (D:5)
  Robin (D:3)
  10 adders
  13 gnolls
  2 worms (D:4)
  2 shadow imps
  5 giant geckos
  40 orcs
  2 ball pythons
  3 bat skeletons
  5 giant cockroaches
  17 goblins
  22 hobgoblins
  13 jackals
  4 oozes
  A quokka (D:7)
  13 bats
  5 giant newts
  A jackal skeleton (D:6)
  2 jackal zombies
  24 kobolds
  13 rats
  9 ballistomycetes (D:6)
265 creatures vanquished.

Vanquished Creatures (others)
  A gnoll (D:6)
  2 giant spores (D:6)
3 creatures vanquished.

Grand Total: 268 creatures vanquished

Notes
Turn   | Place    | Note
--------------------------------------------------------------
     0 | D:1      | mauris, the Troll Monk, began the quest for the Orb.
     0 | D:1      | Reached XP level 1. HP: 22/22 MP: 1/1
    53 | D:1      | Huge Dmg: 4 Dmg
   100 | D:1      | Reached XP level 2. HP: 29/29 MP: 1/1
   862 | D:2      | Reached XP level 3. HP: 36/36 MP: 2/2
  1001 | D:2      | Noticed Crazy Yiuf
  1010 | D:2      | Killed Crazy Yiuf
  1010 | D:2      | Reached skill level 5 in Unarmed Combat
  1010 | D:2      | Reached XP level 4. HP: 39/44 MP: 0/2
  1416 | D:3      | Noticed Robin
  1442 | D:3      | Killed Robin
  1563 | D:3      | Reached XP level 5. HP: 51/53 MP: 2/2
  1655 | D:3      | .
  1860 | D:4      | Huge Dmg: 12 Dmg
  2001 | D:3      | Noticed Natasha
  2011 | D:3      | Killed Natasha
  2114 | D:3      | Huge Dmg: 7 Dmg
  2294 | D:3      | Reached XP level 6. HP: 62/62 MP: 3/3
  2335 | D:4      | Reached skill level 6 in Unarmed Combat
  2640 | D:4      | Reached skill level 7 in Unarmed Combat
  2725 | D:4      | Noticed an ice beast
  2729 | D:4      | Huge Dmg: 14 Dmg
  2732 | D:4      | Huge Dmg: 10 Dmg
  2733 | D:4      | Killed an ice beast
  2733 | D:4      | Reached XP level 7. HP: 45/70 MP: 3/3
  2881 | D:5      | Entered Level 5 of the Dungeon
  2992 | D:5      | Noticed Dowan
  2993 | D:5      | Noticed Duvessa
  2996 | D:5      | Huge Dmg: 16 Dmg
  2996 | D:5      | Killed Duvessa
  2996 | D:5      | Reached skill level 8 in Unarmed Combat
  3004 | D:5      | Killed Dowan
  3272 | D:5      | Noticed Johnny's ghost (average FoFi)
  3285 | D:5      | Killed Johnny's ghost
  3285 | D:5      | Reached skill level 9 in Unarmed Combat
  3350 | D:5      | Reached XP level 8. HP: 78/78 MP: 3/3
  3361 | D:5      | Found a staircase to the Ecumenical Temple.
  3383 | Temple   | Entered the Ecumenical Temple
  3478 | Temple   | Became a worshipper of Cheibriados the Contemplative
  4294 | D:6      | Reached skill level 10 in Unarmed Combat
  4334 | D:6      | Huge Dmg: 26 Dmg
  4396 | D:6      | Huge Dmg: 34 Dmg
  4429 | D:6      | Acquired Cheibriados' first power
  4523 | D:6      | Huge Dmg: 14 Dmg
  4628 | D:6      | Reached skill level 11 in Unarmed Combat
  4940 | D:6      | Reached XP level 9. HP: 39/84 MP: 4/4
  5065 | D:6      | Acquired Cheibriados' second power
  5307 | D:6      | Reached skill level 12 in Unarmed Combat
  5325 | D:6      | Huge Dmg: 16 Dmg
  5332 | D:6      | Huge Dmg: 10 Dmg
  5335 | D:6      | Huge Dmg: 11 Dmg
  5887 | D:7      | Acquired Cheibriados' third power
  6433 | D:7      | Reached skill level 5 in Dodging
  6732 | D:7      | Reached skill level 1 in Invocations
  7360 | D:8      | Huge Dmg: 30 Dmg
  7362 | D:8      | Huge Dmg: 17 Dmg
  7363 | D:8      | Mangled by a slime creature

Action                   |  1- 3 |  4- 6 |  7- 9 || total
-------------------------+-------+-------+-------++-------
Melee: Unarmed           |    65 |   201 |   378 ||   644
  Use: Potion            |       |     1 |     4 ||     5
       Scroll            |       |       |    10 ||    10
 Stab: Sleeping          |     1 |       |     3 ||     4
       Distracted        |       |       |     1 ||     1
  Eat: Chunk             |     9 |    22 |    29 ||    60

Vault maps used:
D:1:      matt_arrival_los_fun, serial_glass, glass_columns_c, glass_columns_a
D:2:      uniq_crazy_yiuf_cottage
D:3:      minmay_misc_feat_more_columns, dk_noncrumbling_2, uniq_natasha,
          uniq_robin
D:4:      kennysheep_generic_room_16
D:5:      minmay_temple_entry_crystal_x, first_bread, small_statue_intersection,
          uniq_duvessa
D:6:      minmay_flawed_box, sigmund_army
D:8:      kennysheep_mini_moat
Temple:   kilobyte_greek_temple_18
